 Dungeon Crawl Stone Soup version 0.16.0-12-g7215832 (webtiles) character file.

438 dysrexia the Conjurer (level 7, -8/46 HPs)
             Began as a Human Wizard on Mar 18, 2015.
             Was a Follower of Kikubaaqudgha.
             Killed from afar by a kobold (19 damage)
             ... with a wand of cold
             ... on level 6 of the Dungeon.
             The game lasted 00:29:16 (4492 turns).

dysrexia the Conjurer (Human Wizard)                Turns: 4492, Time: 00:29:16

Health: -8/46      AC:  6    Str:  7    XL:     7   Next: 22%
Magic:  13/14      EV: 12    Int: 23    God:    Kikubaaqudgha [*.....]
Gold:   262        SH:  0    Dex: 12    Spells: 4 memorised, 4 levels left

rFire  . . .     SeeInvis .     H - +1 whip (elec)
rCold  . . .     Clarity  .     a - +0 robe
rNeg   . . .     SustAb   .     (no shield)
rPois  .         Gourm    .     b - +1 hat
rElec  .         Spirit   .     (no cloak)
rCorr  .         Warding  .     (no gloves)
rMut   .         Stasis   .     (no boots)
MR     .....                    (no amulet)
Stlth  ++........               u - +3 ring of intelligence
                                B - +3 ring of protection

@: repel missiles, not resistant to hostile enchantments, unstealthy
A: no striking features
a: Receive Corpses, Renounce Religion


You were on level 6 of the Dungeon.
You worshipped Kikubaaqudgha.
Kikubaaqudgha was aware of your devotion.
You were not hungry.

You visited 2 branches of the dungeon, and saw 7 of its levels.

You collected 262 gold pieces.

Inventory:

Hand weapons
 o - a +0 club
 H - a +1 whip of electrocution (weapon)
Missiles
 n - 7 poisoned needles
Armour
 a - a +0 robe (worn)
 b - a +1 hat (worn)
Jewellery
 p - a +1 ring of slaying
 u - a +3 ring of intelligence (right hand)
 z - an uncursed ring of protection from magic
 B - a +3 ring of protection (left hand)
 F - an uncursed ring of invisibility
Magical devices
 h - a wand of teleportation (1)
 C - a wand of polymorph (14)
Scrolls
 g - a scroll of amnesia
 i - a scroll of fog
 j - 2 scrolls of recharging
 k - 3 scrolls of remove curse
 m - 2 scrolls of fear
 t - 3 scrolls of magic mapping
 x - 5 scrolls of enchant weapon
 y - a scroll of enchant armour
Potions
 e - a potion of resistance
 q - 3 potions of curing
 s - a potion of restore abilities
 v - a potion of magic
 w - a potion of invisibility
 A - a potion of might {unknown}
 D - a potion of haste {unknown}
 E - a potion of heal wounds {unknown}
 G - a potion of ambrosia {unknown}
Books
 c - a book of Minor Magic

   Spells                             Type                      Level
   a - Magic Dart                     Conjuration                  1
   b - Blink                          Translocation                2
   c - Call Imp                       Summoning                    2
   d - Repel Missiles                 Charms/Air                   2
   e - Slow                           Hexes                        2
   f - Conjure Flame                  Conjuration/Fire             3
   g - Mephitic Cloud                 Conjuration/Poison/Air       3
Comestibles
 d - 3 bread rations
 f - a meat ration
 l - 2 slices of pizza
 r - 3 chunks of flesh


   Skills:
 - Level 2.0 Dodging
 - Level 2.0 Stealth
 - Level 3.0 Spellcasting
 - Level 4.2 Conjurations
   Level 1.0 Summonings
 - Level 1.0 Translocations
 + Level 3.8 Air Magic
 + Level 3.5 Poison Magic


You had 4 spell levels left.
You knew the following spells:

 Your Spells              Type           Power        Failure   Level  Hunger
a - Magic Dart            Conj           ###.         2%          1    None
b - Mephitic Cloud        Conj/Pois/Air  ###.....     10%         3    ###....
c - Repel Missiles        Chrm/Air       ##....       10%         2    ##.....
d - Blink                 Tloc           N/A          14%         2    ##.....


Dungeon Overview and Level Annotations

Branches:
Dungeon (6/15)             Temple (1/1) D:4

Altars:
Cheibriados
Dithmenos
Elyvilon
Fedhas
Gozag
Kikubaaqudgha
Nemelex Xobeh
Okawaru
Qazlal
Trog
Vehumet
Xom
Yredelemnul
Zin
The Shining One

Shops:
D:4 (   D:5 :

Annotations:
D:3 exclusion: giant frog
D:4 exclusion: ogre
D:5 exclusion: statue


Message History

Kikubaaqudgha accepts your kill.
You can now receive cadavers from Kikubaaqudgha.
Kikubaaqudgha grants you a gift!
The kobold zaps a wand.
The bolt of cold hits you!
It is a wand of cold.
Casting: Magic Dart
Confirm with . or Enter, or press ? or * to list all spells.
Aiming: Magic Dart
Press: ? - help, Shift-Dir - straight line, f - kobold
Aim: a kobold, wielding a short sword of protection and carrying a wand of cold {zapped: 1} The magic dart hits the kobold.
The kobold zaps a wand.
The bolt of cold misses you.
The kobold zaps a wand.
The bolt of cold hits you!
* * * LOW HITPOINT WARNING * * *
You hit the kobold but do no damage.
The kobold hits you with a short sword of protection.
* * * LOW HITPOINT WARNING * * *
You hit the kobold but do no damage.
The kobold zaps a wand.
The bolt of cold hits you!
You die...
Kikubaaqudgha rasps: "You have failed me!
Welcome... death!"

#.# #.# #.# ##
#.# #. #.#
###. #.#
..)#...## #.#
....$..K.###.#
##@):..#
#....#.#
.......##.#.#
...... #...#
#..##. ###.#
... #. #.# #
.. ..# #. ..#
# .


You could see a kobold.

Vanquished Creatures
  2 crimson imps (D:5)
  A jelly (D:5)
  2 hounds (D:5)
  An orc wizard (D:3)
  5 adders
  6 gnolls
  3 worms
  A giant mite (D:5)
  An adder skeleton (D:4)
  8 giant geckos
  An ooze (D:4)
  11 orcs
  11 bats
  6 giant cockroaches
  12 goblins
  14 hobgoblins
  5 jackals
  11 kobolds
  2 quokkas
  A ball python (D:4)
  5 giant newts
  10 rats
119 creatures vanquished.

Notes
Turn   | Place    | Note
--------------------------------------------------------------
     0 | D:1      | dysrexia, the Human Wizard, began the quest for the Orb.
     0 | D:1      | Reached XP level 1. HP: 13/13 MP: 4/4
   178 | D:1      | Reached XP level 2. HP: 17/19 MP: 0/6
   673 | D:1      | Reached XP level 3. HP: 24/24 MP: 4/7
   890 | D:2      | Learned a level 3 spell: Mephitic Cloud
  1206 | D:2      | Reached XP level 4. HP: 30/30 MP: 0/9
  1767 | D:2      | Reached skill level 4 in Conjurations
  2046 | D:3      | Found an iron altar of Okawaru.
  2050 | D:3      | Noticed a giant frog
  2188 | D:3      | Reached XP level 5. HP: 35/35 MP: 1/11
  2359 | D:3      | Reached skill level 1 in Air Magic
  2445 | D:3      | Found a white marble altar of Elyvilon.
  2466 | D:3      | Reached skill level 1 in Poison Magic
  2704 | D:4      | Learned a level 2 spell: Repel Missiles
  2707 | D:4      | Learned a level 2 spell: Blink
  2760 | D:4      | Found a bloodstained altar of Trog.
  2932 | D:4      | Noticed an ogre
  2971 | D:4      | Found a staircase to the Ecumenical Temple.
  2978 | Temple   | Entered the Ecumenical Temple
  3006 | Temple   | Became a worshipper of Kikubaaqudgha
  3059 | D:4      | Reached XP level 6. HP: 30/41 MP: 7/12
  3358 | D:4      | Found Difazak's Weapon Boutique.
  3471 | D:5      | Entered Level 5 of the Dungeon
  4064 | D:5      | Found Ocsihal's Book Shoppe.
  4085 | D:5      | Found a radiant altar of Vehumet.
  4286 | D:5      | Reached XP level 7. HP: 46/46 MP: 7/14
  4487 | D:6      | Acquired Kikubaaqudgha's first power
  4487 | D:6      | Received a gift from Kikubaaqudgha
  4492 | D:6      | Killed from afar by a kobold

Action                   |  1- 3 |  4- 6 |  7- 9 || total
-------------------------+-------+-------+-------++-------
Melee: Unarmed           |    28 |       |       ||    28
       Short sword       |       |    50 |       ||    50
       Whip              |       |    22 |    15 ||    37
 Cast: Magic Dart        |    76 |   155 |     9 ||   240
       Mephitic Cloud    |     1 |     6 |     1 ||     8
       Repel Missiles    |       |     1 |       ||     1
  Use: Scroll            |       |    16 |       ||    16
 Stab: Sleeping          |       |     2 |       ||     2
       Confused          |       |       |     2 ||     2
  Eat: Chunk             |     1 |     8 |     1 ||    10
       Fruit             |       |     2 |       ||     2
